 Dungeon Crawl Stone Soup version 0.19.0-19-g8c6edcc (webtiles) character file.

119 dobroeutro the Shooter (level 4, 0/36 HPs)
             Began as a Centaur Hunter on Nov 13, 2016.
             Killed by nerve-wracking pain
             ... invoked by a shadow imp
              (11 damage)
             ... on level 3 of the Dungeon.
             The game lasted 00:02:08 (1739 turns).

dobroeutro the Shooter (Centaur Hunter)             Turns: 1739, Time: 00:02:09

Health: 0/36       AC:  6    Str: 15    XL:     4   Next: 73%
Magic:  4/4        EV:  7    Int: 10    God:
Gold:   52         SH:  0    Dex: 10    Spells: 0 memorised, 3 levels left

rFire  . . .     SeeInvis .     j - +2 short sword (drain)
rCold  . . .     Gourm    .     n - +0 scale mail
rNeg   . . .     Faith    .     (no shield)
rPois  .         Spirit   .     (no helmet)
rElec  .         Reflect  .     (no cloak)
rCorr  .         Harm     .     (no gloves)
MR     .....                    (no barding)
Stlth  ..........               (no amulet)
                                (no ring)
                                (no ring)

@: very quick
A: hooves 3, deformed body, speed 2, tough skin 3
a: no special abilities


You were on level 3 of the Dungeon.
You were not hungry.

You visited 1 branch of the dungeon, and saw 3 of its levels.

You collected 52 gold pieces.

Inventory:

Hand Weapons
 a - a +1 shortbow
 j - a +2 short sword of draining (weapon)
Missiles
 d - 37 arrows
Armour
 n - a +0 scale mail (worn)
Scrolls
 c - 2 scrolls of immolation {unknown}
 h - a scroll of amnesia {unknown}
 l - a scroll of recharging {unknown}
 p - a scroll of random uselessness {unknown}
 q - 3 scrolls of identify {unknown}
 s - a scroll of teleportation {unknown}
 t - 2 scrolls of blinking {unknown}
Potions
 b - a potion of agility {unknown}
 e - 2 potions of brilliance {unknown}
 i - 2 potions of degeneration {unknown}
 k - a potion of mutation {unknown}
 m - 3 potions of curing {unknown}
 o - a potion of cure mutation {unknown}
 r - a potion of cancellation {unknown}
 u - a potion of lignification {unknown}
 w - a potion of heal wounds {unknown}
Comestibles
 f - 4 bread rations
 g - 3 meat rations
 v - 11 chunks of flesh


   Skills:
 - Level 2.0 Fighting
 + Level 1.0 Short Blades
 * Level 7.8 Bows
 - Level 1.3 Dodging
 - Level 0.4 Stealth


You had 3 spell levels left.
You didn't know any spells.

Dungeon Overview and Level Annotations

Branches:
Dungeon (3/15)

Altars:
The Shining One


Innate Abilities, Weirdness & Mutations

You have hooves in place of feet.
Armour fits poorly on your strangely shaped body.
You cover ground very quickly.
You have extremely tough skin. (AC +3)


Message History

The orc throws a tomahawk.
The tomahawk hits you.
You hit the shadow imp. You kick the shadow imp.
The shadow imp is heavily wounded.
The shadow imp hits you but does no damage.
You hit the shadow imp. You kick the shadow imp.
The shadow imp is almost dead.
The shadow imp gestures at you. Pain shoots through your body!
* * * LOW HITPOINT WARNING * * *
You are too injured to fight recklessly!
You are too injured to fight recklessly!
You are too injured to fight recklessly!
Unknown command.
You are too injured to fight recklessly!
You are too injured to fight recklessly!
You closely miss the shadow imp.
The shadow imp is almost dead.
The shadow imp gestures at you. Pain shoots through your body!
You die...

#. #.## .## #### ... ...
.. #... ###.####.##.# #
#.## ##.....##.##.#
#.##.# #.......#.##.#
#...>## .#....o..#.##.#
####... ....._5@.(.##.#
####
.#.......#..#.#########.
#......(#....#.........
##.....##.##(#.#######.
###.####.##.#.# ## ...
..##.#.# #.##.######.#.#
### .. .......)#)##
##.## #.######)#.###.#..


You could see a shadow imp and an orc.

Vanquished Creatures
  A hound (D:3)
  2 adders
  2 worms (D:2)
  A dart slug (D:1)
  2 leopard geckos
  7 orcs (D:3)
  A ball python (D:1)
  6 bats
  2 giant cockroaches (D:1)
  6 hobgoblins
  3 jackals (D:1)
  4 kobolds
  2 frilled lizards
  6 goblins
  10 rats
55 creatures vanquished.

Notes
Turn   | Place    | Note
-------+----------+-------------------------------------------
     0 | D:1      | dobroeutro the Centaur Hunter began the quest for the Orb.
     0 | D:1      | Reached XP level 1. HP: 17/17 MP: 1/1
   214 | D:1      | Reached XP level 2. HP: 13/24 MP: 2/2
   241 | D:1      | Reached skill level 6 in Bows
   774 | D:1      | Reached XP level 3. HP: 29/29 MP: 3/3
  1261 | D:2      | Reached skill level 7 in Bows
  1629 | D:3      | Reached skill level 1 in Short Blades
  1629 | D:3      | Reached XP level 4. HP: 30/36 MP: 4/4
  1729 | D:3      | Found a glowing golden altar of the Shining One.
  1739 | D:3      | Killed from afar by a shadow imp

Skill      XL: |  1  2  3 |
---------------+----------+-----
Bows           | 6 7 |  7.8
Short Blades   | 1 |  1.0
Fighting       | |  2.0
Dodging        | |  1.3
Stealth        | |  0.4

Action                   |  1- 3 |  4- 6 || total
-------------------------+-------+-------++-------
Melee: Short sword       |   121 |    37 ||   158
       Kick              |    19 |     7 ||    26
  Eat: Chunk             |     1 |     1 ||     2
Armor: Leather armour    |    14 |       ||    14
       Ring mail         |     4 |       ||     4
       Scale mail        |    27 |    17 ||    44
Dodge: Dodged            |    51 |    10 ||    61
